 Dungeon Crawl Stone Soup version 0.29-a0-371-g91724d5b39 (webtiles) character file.

Game seed: 13248649140267942193

4944 quokkamancerX the Fighter (level 10, -5/115 HPs)
             Began as an Ogre Berserker on May 3, 2022.
             Was a Priest of Trog.
             Slain by a killer bee (8 damage)
             ... on level 8 of the Dungeon.
             The game lasted 00:38:05 (7870 turns).

quokkamancerX the Fighter (Ogre Berserker)          Turns: 7870, Time: 00:38:05

Health: -5/115     AC: 10    Str: 27    XL:     10   Next: 52%
Magic:  10/10      EV: 10    Int:  8    God:    Trog [***...]
Gold:   410        SH:  0    Dex:  8    Spells: 9/9 levels left

rFire   . . .      SeeInvis .   y - +2 flail (protect)
rCold   . . .      Faith    .   (no shield)
rNeg    . . .      Spirit   .   D - +0 acid dragon scales
rPois   .          Reflect  .   (helmet restricted)
rElec   .          Harm     .   r - +2 cloak
rCorr   +          Rampage  .   (gloves unavailable)
Will    +....                   (boots unavailable)
Stlth   +.........              l - amulet of regeneration
HPRegen 1.09/turn               f - ring of resist corrosion
MPRegen 0.12/turn               (no ring)

@: lethally poisoned (-5 -> -13), on berserk cooldown, slowed, very slow
A: large, unfitting armour, tough skin 1
a: Renounce Religion, Berserk, Trog's Hand


You were on level 8 of the Dungeon.
You worshipped Trog.
Trog was most pleased with you.
You visited 1 branch of the dungeon, and saw 9 of its levels.

You collected 410 gold pieces.

Inventory:

Hand Weapons
 e - a +0 giant club
 g - the +5 flail of Beturoh {vamp, Fly rF+ Will+ Str-5}
   (You found it on level 5 of the Dungeon)

   It occasionally heals its wielder for a portion of the damage dealt when it
   wounds a living foe.
   Str:       It affects your strength (-5).
   rF:        It protects you from fire.
   Fly:       It grants you flight.
   Will:      It increases your willpower.
 y - a +2 flail of protection (weapon)
Missiles
 u - 3 throwing nets
 A - 6 silver javelins
 C - 14 poisoned darts (quivered)
 G - 2 boomerangs
Armour
 r - a +2 cloak (worn)
 D - +0 acid dragon scales (worn)
Jewellery
 f - a ring of resist corrosion (left hand)
 l - an amulet of regeneration (around neck)
Wands
 w - a wand of iceblast (8)
 E - a wand of flame (15)
 F - a wand of charming (6)
Scrolls
 a - a scroll of fog {unknown}
 b - a scroll of holy word {unknown}
 c - 2 scrolls of enchant armour
 i - a scroll of identify
 m - a scroll of brand weapon {unknown}
 o - a scroll of vulnerability {unknown}
 p - 2 scrolls of fear {unknown}
 q - 3 scrolls of teleportation
 B - a scroll of torment {unknown}
Potions
 d - 3 potions of might
 h - a potion of degeneration {unknown}
 j - a potion of resistance {unknown}
 k - 2 potions of heal wounds
 n - 3 potions of curing
 s - a potion of cancellation {unknown}
 t - a potion of ambrosia {unknown}
 v - a potion of mutation {unknown}
 x - 2 potions of experience {unknown}
 z - 4 potions of lignification {unknown}
 H - a potion of attraction {unknown}
 I - a potion of invisibility {unknown}


   Skills:
 - Level 12.0 Fighting
 + Level 9.5 Maces & Flails
 - Level 6.0 Throwing
 + Level 5.0 Dodging


You had 9 spell levels left.
You didn't know any spells.
Your spell library was empty.

Dungeon Overview and Level Annotations

Branches:
Dungeon (9/15)             Temple (0/1) D:5
   Lair: D:8-11         Orc: D:9-12

Altars:
Ashenzari
Cheibriados
Hepliaklqana
Nemelex Xobeh
Qazlal
Yredelemnul
The Shining One

Shops:
D:6 [

Annotations:
D:4 3 runed translucent doors, Doorstop00's ghost, amateur MiBe


Innate Abilities, Weirdness & Mutations

You are too large for most types of armour.
You have tough skin. (AC +1)


Message History

* * * LOW HITPOINT WARNING * * *
The killer bee closely misses you. The killer bee barely misses you.
The killer bee misses you.
The killer bee stings you but does no damage.
Okay, then.
You feel much better.
You feel very sick. The killer bee closely misses you.
The killer bee stings you but does no damage.
The killer bee barely misses you. x2
The killer bee stings you but does no damage.
The killer bee stings you.
* * * LOW HITPOINT WARNING * * *
The killer bee barely misses you. The killer bee stings you.
* * * LOW HITPOINT WARNING * * *
You are more poisoned.
The killer bee poisons you! The killer bee barely misses you.
The killer bee misses you. The killer bee stings you.
* * * LOW HITPOINT WARNING * * *
The killer bee closely misses you. The killer bee misses you.
The killer bee stings you.
* * * LOW HITPOINT WARNING * * *
You are more poisoned.
The killer bee poisons you!
The killer bee stings you but does no damage.
The killer bee attacks as you move away!
The killer bee stings you but does no damage.
The killer bee attacks as you move away!
The killer bee closely misses you.
* * * LOW HITPOINT WARNING * * *
You feel extremely sick.
The killer bee stings you but does no damage. x3
The killer bee stings you!
* * * LOW HITPOINT WARNING * * *
The killer bee closely misses you. The killer bee barely misses you.
The killer bee stings you but does no damage. x2
The killer bee closely misses you. The killer bee barely misses you.
The killer bee attacks as you move away!
The killer bee stings you!
You die...

.#.#.#....###................#
.#...#.###.#.........[[<....##
.'######...#.##......[)..####
...#####._.#.............###
.)....##...####............##
...##..#####.##.............####
######## #....y.(............##
#####yy......#...##...
##@y......######### #..y...>...#
#..........# #..........#
#.>........# #..........#
##........## ##......## ########


You could see 5 killer bees.

Vanquished Creatures
  A manticore (D:8)
  Joseph (D:8)
  Maggie (D:7)
  Prince Ribbit (D:5)
  5 yaks (D:8)
  A wraith (D:5)
  A steam dragon (D:8)
  Duvessa (D:5)
  An ice beast (D:6)
  A black bear (D:7)
  3 orc warriors
  2 ogres
  2 centaurs
  3 phantoms
  2 kobold brigands
  2 bullfrogs (D:7)
  3 necrophages
  2 scorpions (D:4)
  Dowan (D:5)
  4 killer bees
  3 jellies
  A vampire bat (D:8)
  2 howler monkeys
  An orc priest (D:7)
  A gnoll shaman (D:5)
  3 hounds
  4 iguanas
  Natasha (thrice) (D:3)
  5 orc wizards
  8 adders
  A shadow imp (D:6)
  A white imp (D:7)
  2 ufetubi
  3 worms
  A dart slug (D:1)
  20 orcs
  4 ball pythons
  14 bats
  6 endoplasms
  A giant cockroach (D:1)
  4 goblins
  9 hobgoblins
  15 jackals
  7 quokkas
  7 frilled lizards
  6 kobolds
  5 rats
175 creatures vanquished.

Vanquished Creatures (others)
  An orc wizard (D:5)
  2 plants (D:3)
3 creatures vanquished.

Grand Total: 178 creatures vanquished

Notes
Turn   | Place    | Note
-------+----------+-------------------------------------------
     0 | D:1      | quokkamancerX the Ogre Berserker began the quest for the
                  | Orb.
     0 | D:1      | Reached XP level 1. HP: 24/24 MP: 1/1
   208 | D:1      | Reached XP level 2. HP: 27/33 MP: 2/2
   301 | D:1      | Reached skill level 1 in Throwing
   348 | D:1      | Found a faded altar of an unknown god.
   790 | D:1      | Reached XP level 3. HP: 40/40 MP: 3/3
   963 | D:1      | Reached ** piety under Trog
  1163 | D:1      | Reached skill level 5 in Fighting
  1633 | D:2      | Reached XP level 4. HP: 26/50 MP: 4/4
  2091 | D:2      | Noticed a necrophage
  2109 | D:2      | Killed a necrophage
  2110 | D:2      | Reached skill level 6 in Fighting
  2110 | D:2      | Reached XP level 5. HP: 59/59 MP: 5/5
  2794 | D:3      | You fall into a shaft and drop 3 floors!
  2803 | D:6      | Found a stormy altar of Qazlal.
  2809 | D:6      | Noticed a centaur
  2819 | D:6      | Killed a centaur
  2820 | D:6      | Reached XP level 6. HP: 55/68 MP: 6/6
  2918 | D:6      | Found Vupnearr's Antique Armour Boutique.
  2957 | D:5      | Entered Level 5 of the Dungeon
  2958 | D:5      | Noticed Prince Ribbit
  2971 | D:5      | Killed Prince Ribbit
  2972 | D:5      | Reached skill level 7 in Fighting
  3025 | D:4      | Reached XP level 7. HP: 63/78 MP: 7/7
  3068 | D:3      | Noticed Natasha
  3072 | D:3      | Killed Natasha
  3092 | D:3      | Noticed Natasha
  3101 | D:3      | Killed Natasha
  3139 | D:3      | Noticed Natasha
  3157 | D:3      | Killed Natasha
  3158 | D:3      | Reached skill level 8 in Fighting
  3158 | D:3      | Reached skill level 5 in Throwing
  3207 | D:3      | Found a hazy altar of Hepliaklqana.
  4244 | D:4      | Found a runed translucent gate.
  4244 | D:4      | Noticed Doorstop00's ghost (amateur MiBe)
  4245 | D:4      | Found a runed translucent gate.
  4245 | D:4      | Found a runed translucent gate.
  4349 | D:4      | Reached *** piety under Trog
  4443 | D:4      | Reached skill level 9 in Fighting
  4644 | D:5      | Noticed Duvessa
  4644 | D:5      | Noticed Dowan
  4646 | D:5      | Killed Dowan
  4647 | D:5      | Reached XP level 8. HP: 92/92 MP: 8/8
  4653 | D:5      | Killed Duvessa
  4706 | D:5      | Found a staircase to the Ecumenical Temple.
  4892 | D:5      | Noticed a wraith
  4916 | D:5      | Reached skill level 10 in Fighting
  4987 | D:5      | Killed a wraith
  5237 | D:5      | Found a glowing golden altar of the Shining One.
  5768 | D:5      | Identified the +5 flail of Beturoh {vamp, Fly rF+ Will+
                  | Str-5}
  5877 | D:6      | Reached skill level 11 in Fighting
  5877 | D:6      | Reached skill level 5 in Maces & Flails
  5877 | D:6      | Reached XP level 9. HP: 105/105 MP: 9/9
  5941 | D:6      | Found a snail-covered altar of Cheibriados.
  6494 | D:7      | Noticed Maggie
  6510 | D:7      | Killed Maggie
  6511 | D:7      | Reached skill level 12 in Fighting
  7224 | D:8      | Reached XP level 10. HP: 115/115 MP: 10/10
  7224 | D:8      | Noticed Joseph
  7240 | D:8      | Killed Joseph
  7447 | D:8      | Reached **** piety under Trog
  7477 | D:8      | Found a basalt altar of Yredelemnul.
  7490 | D:8      | Noticed a manticore
  7502 | D:8      | Killed a manticore
  7503 | D:8      | Reached skill level 5 in Dodging
  7709 | D:8      | Found a broken altar of Ashenzari.
  7718 | D:8      | Found a sparkling altar of Nemelex Xobeh.
  7869 | D:8      | HP: 3/115 [killer bee (7)]
  7870 | D:8      | Slain by a killer bee

Illustrated notes

Levels and vault maps discovered:
D:1:      erik_arrival_orb_chamber, layout_basic,
          chequers_ecumenical_altar_grove, minmay_crystal_water
D:2:      layout_basic
D:3:      layout_basic, nzn_hepliaklqana_mist_gate, cheibrodos_sewer_entry_bend,
          guppyfry_early_lair_pool, uniq_natasha
D:4:      layout_basic, gammafunk_ghost_nasty_kobolds
D:5:      minmay_chambers_of_fours, layout_cave_pods,
          nicolae_overflow_crystal_walls, minmay_temple_entry_junction,
          uniq_prince_ribbit1, uniq_duvessa
D:6:      layout_loops_ring, pf_just_have_faith, kennysheep_mini_moat,
          serial_bayou_pond_d, nicolae_stop_n_shop_1
D:7:      layout_gridville, due_unseen_surprise, uniq_maggie
D:8:      layout_rooms, mainiacjoe_overflow_swirl, lemuel_tele_altar,
          roderic_batcave, uniq_joseph
D:9:      layout_roguey [special_room_orc]

Skill      XL: |  1  2  3  4  5  6  7  8  9 10 |
---------------+-------------------------------+-----
Throwing       | 1 2 3 4 6 |  6.0
Fighting       | 5 6 7 9 11 12 | 12.0
Maces & Flails | 5 8 9 |  9.5
Dodging        | 5 |  5.0

Action                   |  1- 3 |  4- 6 |  7- 9 | 10-12 || total
-------------------------+-------+-------+-------+-------++-------
Melee: Mace              |   105 |    64 |    66 |       ||   235
       Punch             |     1 |     3 |     4 |     1 ||     9
       Flail             |       |       |   243 |    70 ||   313
Throw: Stone             |    24 |    36 |    52 |       ||   112
       Dart              |       |       |   111 |    13 ||   124
       Throwing net      |       |       |       |     1 ||     1
Invok: Berserk           |     1 |     3 |     9 |     3 ||    16
       Trog's Hand       |       |       |     1 |       ||     1
Evoke: Wand              |       |       |     2 |       ||     2
  Use: Scroll            |       |       |     7 |       ||     7
       Potion            |       |       |       |     3 ||     3
 Stab: Distracted        |     1 |       |       |       ||     1
Armor: Animal skin       |    31 |    30 |       |       ||    61
       Robe              |       |       |   110 |       ||   110
       Acid dragon scale |       |       |    58 |    99 ||   157
Dodge: Dodged            |    64 |    41 |   192 |   100 ||   397

Table legend: (Time is in decaauts)
 A = Elapsed time spent in this place.
 B = Non-inter-level travel time spent in this place.
 C = Inter-level travel time spent in this place.
 D = Time resting spent in this place.
 E = Time spent auto-exploring this place.
 F = Levels seen in this place.
 G = Mean time per level.
                   A        B        C        D        E       F      G
               +--------+--------+--------+--------+--------+-----+--------+
         Total |   8086 |   7623 |    463 |    973 |   4099 |   9 |  898.4 |
       Dungeon |   8086 |   7623 |    463 |    973 |   4099 |   9 |  898.4 |
               +--------+--------+--------+--------+--------+-----+--------+

Top non-repeatable levels by time:
     D:1: 1536 daAuts
     D:5: 1341 daAuts
     D:2: 1156 daAuts
     D:3: 1029 daAuts
     D:4: 802 daAuts
     D:8: 754 daAuts
     D:6: 729 daAuts
     D:7: 727 daAuts
     D:9: 9 daAuts
